 Dungeon Crawl Stone Soup version 0.28.0-53-g5a82cb258f (webtiles) character file.

Game seed: 5841958701087489747

702 MarshatheCat the Jinx (level 7, -1/27 HPs)
             Began as a Felid Conjurer on July 13, 2022.
             Was a Follower of Vehumet.
             Slain by a boulder beetle (28 damage)
             ... on level 7 of the Dungeon.
             The game lasted 00:26:11 (9872 turns).

MarshatheCat the Jinx (Felid Conjurer)              Turns: 9872, Time: 00:26:12

Health: -1/27      AC:  2    Str:  5    XL:     7   Next: 39%
Magic:  15/15      EV: 17    Int: 21    God:    Vehumet [*.....]
Gold:   377        SH:  5    Dex: 15    Spells: 5/16 levels left
                                        Lives:  0   Deaths: 2

rFire   + . .      SeeInvis +   (weapon unavailable)
rCold   . . .      Faith    .   (shield unavailable)
rNeg    + . .      Spirit   .   (armour unavailable)
rPois   .          Reflect  +   (helmet unavailable)
rElec   .          Harm     .   (cloak unavailable)
rCorr   .          Rampage  .   (gloves unavailable)
Will    +....                   (boots unavailable)
Stlth   ++........              u - amulet of Lucidity {Reflect rN+ Str+2 SH+5}
HPRegen 0.09/turn               c - ring of protection from fire
MPRegen 0.14/turn               (no ring)

@: quick
A: very small, claws 1, fangs 3, see invisible, speed 1, shaggy fur 2, stealthy
paws, no weapons or thrown items, no armour, multi-lived
a: Renounce Religion


You were on level 7 of the Dungeon.
You worshipped Vehumet.
Vehumet was aware of your devotion.
You visited 2 branches of the dungeon, and saw 8 of its levels.
You also visited: Sewer.

You collected 377 gold pieces.

Inventory:

Jewellery
 c - a ring of protection from fire (left paw)
 m - the amulet of the Ladybird {Acrobat Dex+2}
   (You acquired it on level 6 of the Dungeon)

   [amulet of the acrobat]

   It increases your evasion while moving and waiting.
   Dex:       It affects your dexterity (+2).
 q - a ring of fire
 u - the amulet of Lucidity (around neck) {Reflect rN+ Str+2 SH+5}
   (You acquired it on level 6 of the Dungeon)

   [amulet of reflection]

   It reflects blocked missile attacks.
   Str:       It affects your strength (+2).
   rN:        It protects you from negative energy.
   SH:        It affects your SH (+5).
Wands
 p - a wand of iceblast (10)
 s - a wand of paralysis (6)
Scrolls
 a - 5 scrolls of teleportation
 f - 3 scrolls of amnesia
 h - a scroll of silence
 k - a scroll of fear
 l - 2 scrolls of vulnerability
 n - a scroll of enchant armour
 o - 3 scrolls of holy word
Potions
 b - 2 potions of cancellation
 d - a potion of invisibility {unknown}
 e - a potion of haste {unknown}
 g - 2 potions of degeneration {unknown}
 i - 4 potions of curing {unknown}
 j - a potion of mutation {unknown}
 r - 2 potions of might {unknown}


   Skills:
 - Level 2.6 Dodging
 - Level 2.6 Stealth
 + Level 5.2 Spellcasting
 + Level 6.0 Conjurations
 * Level 10.3 Hexes
 * Level 6.8 Translocations


You had 5 spell levels left.
You knew the following spells:

 Your Spells              Type           Power      Damage    Failure   Level
a - Magic Dart            Conj           100%       1d8       1%          1
b - Searing Ray           Conj           62%        2d6       1%          2
c - Fulminant Prism       Conj/Hex       20%        3d13      3%          4
d - Iskenderun's Mystic   Conj/Tloc      32%        2d8       8%          4

Your spell library contained the following spells:

 Spells                   Type           Power      Damage    Failure   Level
 Sandblast                Erth           10%        2d5       11%         1
 Blink                    Tloc           68%        N/A       1%          2
 Dazzling Flash           Conj/Hex       80%        N/A       1%          3
 Corpse Rot               Necr/Air       10%        N/A       16%         2
 Poisonous Vapours        Pois/Air       10%        N/A       16%         2
 Manifold Assault         Tloc           34%        N/A       19%         5
 Storm Form               Tmut/Air       2%         N/A       100%        7


Dungeon Overview and Level Annotations

Branches:
Dungeon (7/15)             Temple (1/1) D:4           Sewer (visited)

Altars:
Cheibriados
Dithmenos
Elyvilon
Fedhas
Gozag
Hepliaklqana
Kikubaaqudgha
Makhleb
Okawaru
Ru
Sif Muna
Trog
Uskayaw
Vehumet
Wu Jian
Xom
Yredelemnul
Zin
The Shining One


Innate Abilities, Weirdness & Mutations

You have sharp claws.
You have razor-sharp teeth.
You have supernaturally acute eyesight. (SInv)
You cover ground quickly. (Speed+)
You are covered in thick fur. (AC +2)
Your paws help you pounce on unaware monsters.
You are incapable of wielding weapons or throwing items.
You cannot wear armour.
You gain extra lives every three experience levels.


Message History

There is an open door here.
An ice beast comes into view.
You see here 25 stones.
Casting: Searing Ray (safe; 1% risk of failure)
Confirm with . or Enter, or press ? or * to list all spells.
The spell is quite dangerous to miscast (3% risk of failure)!
Continue anyway?
Aiming: Fulminant Prism (quite dangerous; 3% risk of failure)
Press: ? - help, Dir - move target You conjure a prism of explosive energy!
A fulminant prism comes into view.
Your fulminant prism crackles loudly.
The ice beast hits your fulminant prism but does no damage.
Your fulminant prism explodes!
The blast of energy engulfs the ice beast!!
The ice beast is almost dead.
You hear a shout!
Casting: Fulminant Prism (quite dangerous; 3% risk of failure)
Confirm with . or Enter, or press ? or * to list all spells.
Okay, then.
Things that are here:
a +0 robe; a +1 long sword; an iguana skeleton The magic dart hits the ice beast but does no damage.
The ice beast is almost dead.
The magic dart hits the ice beast.
You kill the ice beast!
Vehumet accepts your kill.
There is a stone staircase leading up here.
The centaur skeleton hits you. The centaur skeleton misses you.
You climb upwards.
There is a stone staircase leading down here.
You start resting.
HP restored.
You start resting.
Magic restored.
You start waiting.
Done waiting.
You climb downwards.
The centaur skeleton barely misses you. x2
The boulder beetle bites you!!
Ouch! That really hurt!
You die...

#....#.♣♣♣.#♣♣..#[
#......♣ ♣......#.
#....#.♣ ♣.#♣♣..#.
#...(#♣...♣# ♣..#.
##...#♣...♣ ♣..'#
##..#[#.♣♣♣.# ♣....
#..##.# # ♣....
########Z##..# ♣♣♣♣♣
#........@...#
#......(.B.#.# ####
#..........### #..# ♣♣♣♣
#..........######<##♣♣♣...
#............J..B..#......
#..........#.......#♣♣♣...
#..........#..oQ.Z.# ♣♣♣♣
############.......#######
#......#.....Q.


You could see a boulder beetle and a centaur skeleton.

Vanquished Creatures
  A shadow (D:7)
  2 water moccasins
  An ice beast (D:7)
  A black bear (D:6)
  An ogre (D:7)
  A phantom (D:7)
  4 bullfrogs
  A gnoll sergeant (D:7)
  2 water moccasin zombies (D:5)
  A water moccasin skeleton (D:5)
  A wight (D:7)
  2 electric eels (D:6)
  A howler monkey (D:7)
  3 hounds
  A gnoll shaman (D:7)
  A centaur skeleton (D:4)
  An orc priest (D:7)
  2 bullfrog skeletons
  3 iguanas
  2 orc wizards (D:7)
  A hound zombie (D:5)
  4 gnolls (D:7)
  7 adders
  2 white imps (D:7)
  2 dart slugs
  8 orcs
  12 endoplasms
  4 giant cockroaches
  6 goblins
  7 hobgoblins
  4 jackals
  9 quokkas
  6 ball pythons
  3 bats (D:1)
  7 frilled lizards
  4 kobolds
  10 rats
128 creatures vanquished.

Vanquished Creatures (others)
  33 fulminant prisms
  3 plants
36 creatures vanquished.

Grand Total: 164 creatures vanquished

Notes
Turn   | Place    | Note
-------+----------+-------------------------------------------
     0 | D:1      | MarshatheCat the Felid Conjurer began the quest for the
                  | Orb.
     0 | D:1      | Reached XP level 1. HP: 7/7 MP: 4/4
   227 | D:1      | Reached XP level 2. HP: 11/11 MP: 3/6
   230 | D:1      | Learned a level 2 spell: Searing Ray
   397 | D:1      | Reached skill level 1 in Hexes
   669 | D:1      | Reached XP level 3. HP: 14/14 MP: 4/7
   710 | D:1      | Reached skill level 2 in Hexes
  1347 | D:2      | Found a bloodstained altar of Trog.
  1618 | D:2      | Reached skill level 3 in Hexes
  1664 | D:2      | Found the +9 heavy crossbow "Sniper" {vorpal, Acc+∞ SInv}
  1678 | D:2      | Reached XP level 4. HP: 18/18 MP: 7/9
  1745 | D:2      | Found a faded altar of an unknown god.
  1972 | D:3      | Found a burning altar of Makhleb.
  2051 | D:3      | Found a shadowy altar of Dithmenos.
  2361 | D:3      | Found a shimmering blue altar of Sif Muna.
  2373 | D:3      | Found a sacrificial altar of Ru.
  2807 | D:4      | Reached skill level 4 in Hexes
  2948 | D:4      | Reached XP level 5. HP: 21/21 MP: 5/10
  3120 | D:4      | Found a staircase to the Ecumenical Temple.
  3126 | Temple   | Entered the Ecumenical Temple
  3201 | Temple   | Became a worshipper of Vehumet
  3293 | D:4      | Found a bloodstained altar of Trog.
  3596 | D:5      | Entered Level 5 of the Dungeon
  3637 | D:5      | Found a hide-covered altar of Uskayaw.
  3693 | D:5      | Reached skill level 5 in Hexes
  3897 | D:5      | Gained mutation: You are covered in thick fur. (AC +2)
                  | [Felid growth]
  3897 | D:5      | Reached XP level 6. HP: 12/24 MP: 1/12
  4202 | D:5      | Reached skill level 6 in Hexes
  4460 | D:5      | Found a glowing golden altar of the Shining One.
  4715 | D:5      | Noticed a two-headed ogre
  4722 | D:5      | Learned a level 4 spell: Fulminant Prism
  5651 | D:5      | Found a glowing silver altar of Zin.
  6017 | D:5      | Found an opulent altar of Gozag.
  6099 | D:6      | Identified 2 scrolls of acquirement
  6348 | D:6      | Reached skill level 5 in Conjurations
  6348 | D:6      | Reached skill level 7 in Hexes
  6351 | D:6      | Reached XP level 7. HP: 18/27 MP: 12/14
  6371 | D:6      | Found a glowing drain.
  6380 | Sewer    | Entered a sewer
  6758 | D:6      | Reached skill level 1 in Translocations
  7158 | D:7      | Reached skill level 8 in Hexes
  7161 | D:7      | Reached * piety under Vehumet
  7161 | D:7      | Offered knowledge of Sandblast by Vehumet.
  7896 | D:7      | Found a basalt altar of Yredelemnul.
  7978 | D:7      | Reached XP level 8. HP: 31/31 MP: 7/15
  8070 | D:7      | Reached skill level 9 in Hexes
  8381 | D:7      | Reached skill level 5 in Translocations
  8798 | D:7      | Reached skill level 5 in Spellcasting
  8837 | D:7      | Noticed a wizard
  8839 | D:7      | Killed from afar by a wizard
  8840 | D:7      | Reached XP level 7. HP: -5/27 MP: 7/15
  8840 | D:7      | Noticed a slime creature
  8852 | D:7      | Noticed a tengu warrior
  8877 | D:7      | Noticed a boulder beetle
  9220 | D:6      | Acquired the amulet of Lucidity {Reflect rN+ Str+2 SH+5}
  9229 | D:6      | Acquired the amulet of the Ladybird {Acrobat Dex+2}
  9279 | D:7      | Reached skill level 10 in Hexes
  9563 | D:6      | Learned a level 4 spell: Iskenderun's Mystic Blast
  9595 | D:7      | Demolished by a boulder beetle
  9596 | D:7      | Reached XP level 6. HP: -21/24 MP: 0/14
  9620 | D:7      | Noticed a shadow
  9623 | D:7      | Killed a shadow
  9624 | D:7      | Reached XP level 7. HP: 27/27 MP: 7/15
  9872 | D:7      | Slain by a boulder beetle

Illustrated notes

Levels and vault maps discovered:
D:1:      minmay_arrival_radiant_lines, layout_rooms, hex_medium,
          minmay_pentomino_z4
D:2:      layout_basic, basic_altar, shapermc_ecumenical_altar_mp_highgroup,
          minmay_between
D:3:      layout_basic, led_sif_pool, grunt_dithmenos_smoke_and_mirrors,
          lightli_temple_of_fire, amcnicky_altar_gilded
D:4:      layout_rooms, trog_book, minmay_temple_entry_enclosed_plants
D:5:      layout_loops_ring, mainiacjoe_overflow_chevrons,
          mainiacjoe_overflow_catwalk, zin_treasury, nicolae_gozag_seed_capital
D:6:      layout_gridville, portal_sewer_entry_f, serial_bayou_ford_a
D:7:      nzn_winding_woodlands_cross [nzn_winding_woodlands_5x15_default,
          nzn_winding_woodlands_5x15_pool, nzn_winding_woodlands_5x15_zeroes,
          nzn_winding_woodlands_5x15_twine,
          nzn_winding_woodlands_15x15_killbox], layout_rooms, lemuel_round_altar
Temple:   compressed_dpeg_triangle_lava_temple

Skill      XL: |  1  2  3  4  5  6  7  8 |
---------------+-------------------------+-----
Hexes          | 1 3 4 5 7 10 9 | 10.3
Conjurations   | 4 6 |  6.0
Spellcasting   | 3 4 5 |  5.2
Translocations | 6 5 |  6.8
Dodging        | |  2.6
Stealth        | |  2.6

Action                   |  1- 3 |  4- 6 |  7- 9 || total
-------------------------+-------+-------+-------++-------
Melee: Unarmed           |     7 |       |       ||     7
       Punch             |     1 |       |       ||     1
 Cast: Magic Dart        |    84 |    67 |    53 ||   204
       Searing Ray       |     2 |    26 |    21 ||    49
       Fulminant Prism   |       |    17 |    16 ||    33
       Iskenderun's Myst |       |       |     3 ||     3
Evoke: Wand              |       |     4 |       ||     4
  Use: Scroll            |       |     8 |     5 ||    13
Armor: Skin              |     1 |     4 |     2 ||     7
Dodge: Dodged            |    14 |    25 |    22 ||    61
